 Dungeon Crawl Stone Soup version 0.30-a0-908-g5a111fc481 (webtiles) character file.

Game seed: 16088869017545774656

422 shadizar the Firebug (level 6, 0/35 HPs)
             Began as a Gargoyle Fire Elementalist on Mar 19, 2023.
             Slain by Pikel
             ... wielding a +1 whip of flaming
              (1 damage)
             ... on level 4 of the Dungeon.
             The game lasted 00:10:44 (3845 turns).

shadizar the Firebug (Gargoyle Fire Elementalist)   Turns: 3845, Time: 00:10:46

Health: 0/35       AC:  7    Str: 11    XL:     6   Next: 95%
Magic:  2/10       EV: 12    Int: 18    God:
Gold:   185        SH:  0    Dex: 13    Spells: 8/11 levels left

rFire   . . .      SeeInvis +    y - +8 longbow "Zephyr" {speed, Dex+3 SInv}
rCold   + . .      Faith    .    (shield currently unavailable)
rNeg    + . .      Spirit   .    a - +0 robe
rPois   ∞          Reflect  .    n - +0 helmet
rElec   +          Rampage  .    (no cloak)
rCorr   .                        (no gloves)
Will    .....                    (no boots)
Stlth   ++                       (no amulet)
HPRegen 0.25/turn                o - ring of protection from cold
MPRegen 0.12/turn                (no ring)

@: very slightly contaminated
A: sickness immunity, AC +4, negative energy resistance 1, electricity
resistance, torment resistance 1, petrification resistance
a: no special abilities


You were on level 4 of the Dungeon.
You visited 1 branch of the dungeon, and saw 4 of its levels.

You collected 185 gold pieces.

Inventory:

Hand Weapons
 l - a +0 sling
 t - a +3 dagger of venom
 y - the +8 longbow "Zephyr" (weapon) {speed, Dex+3 SInv}
   (You found it on level 3 of the Dungeon)

   Dex:       It affects your dexterity (+3).
   SInv:      It lets you see invisible.
Missiles
 d - 55 stones
Armour
 a - a +0 robe (worn)
 m - a +0 animal skin
 n - a +0 helmet (worn)
Jewellery
 o - a ring of protection from cold (left hand)
 v - a ring of fire
Wands
 c - a wand of flame (26)
Scrolls
 e - a scroll of fog {unknown}
 g - a scroll of teleportation {unknown}
 j - a scroll of magic mapping {unknown}
 r - a scroll of fear {unknown}
 x - a scroll of poison {unknown}
Potions
 b - a potion of magic
 f - a potion of lignification {unknown}
 h - a potion of ambrosia {unknown}
 p - a potion of curing {unknown}
 q - a potion of might {unknown}
 s - a potion of flight {unknown}
 u - a potion of haste {unknown}
 w - a potion of heal wounds {unknown}


   Skills:
 + Level 2.1 Fighting
 - Level 0.9 Short Blades
 + Level 1.3 Ranged Weapons
 + Level 2.6 Dodging
 + Level 3.8 Stealth
 + Level 3.1 Spellcasting
 + Level 3.0 Conjurations
 + Level 4.0 Fire Magic


You had 8 spell levels left.
You knew the following spells:

 Your Spells              Type           Power      Damage    Failure   Level
a - Foxfire               Conj/Fire      60%        2x1d7     3%          1
b - Scorch                Fire           34%        2d7       4%          2

Your spell library contained the following spells:

 Spells                   Type           Power      Damage    Failure   Level
 Magic Dart               Conj           52%        1d5       4%          1
 Beastly Appendage        Tmut           4%         N/A       16%         1
 Inner Flame              Hex/Fire       10%        N/A       22%         3
 Call Imp                 Summ           2%         N/A       24%         2
 Wereblood                Tmut           2%         N/A       24%         2
 Kindle Blastsparks       Fire/Tloc/Air  14%        2d11      28%         3
 Mephitic Cloud           Conj/Pois/Air  6%         N/A       32%         3
 Flame Wave               Conj/Fire      15%        2d7       36%         4
 Spider Form              Tmut/Pois      2%         N/A       43%         3


Dungeon Overview and Level Annotations

Branches:
Dungeon (4/15)
 Temple: D:4-7

Altars:

Annotations:
D:2 1 runed translucent door, Crazy Yiuf
D:4 Pikel


Innate Abilities, Weirdness & Mutations

You are immune to sickness and miasma.
Your stone body is resilient. (AC +4)
You are immune to poison.
You resist negative energy. (rN+)
You are resistant to electric shocks. (rElec)
You are resistant to unholy torment.
You are immune to petrification.


Message History

The black bear misses you. The black bear claws you.
Unknown command.
Unknown command.
Your foxfire dissipates!
The black bear attacks as you move away!
The black bear bites you. The black bear claws you.
* * * LOW HITPOINT WARNING * * *
The black bear claws you.
* * * LOW HITPOINT WARNING * * *
The foxfire hits the black bear.
You kill the black bear!
Your Fighting skill increases to level 2!
Your Conjurations skill increases to level 3!
Your Fire Magic skill increases to level 4!
Unknown command.
Unknown command.
Unknown command.
Unknown command.
Unknown command.
Unknown command.
Unknown command.
The dart slug barely misses you.
Okay, then.
Okay, then.
Press: ? - help, v - describe, . - travel
Here: Pikel, wielding a +1 whip of flaming and wearing a +2 robe of fire resistance The floor.
Casting: Foxfire (safe; 3% risk of failure)
Confirm with . or Enter, or press ? or * to list all spells.
You miscast Foxfire.
You are very lightly contaminated with residual magic.
Nothing appears to happen.
Pikel hits you but does no damage.
Unknown command.
Casting: Foxfire (safe; 3% risk of failure)
Confirm with . or Enter, or press ? or * to list all spells.
You conjure some foxfire!
Pikel hits you with a +1 whip of flaming.
* * * LOW HITPOINT WARNING * * *
Pikel burns you.
You die...

####### #.....#
########.###.###
#.......^......#############
#.######.#.........#.....)..
#.# #..v@.#.###.#.<######
#.# ###v.K#.###..).# # #.#
#.#w.#†......# # #.#
#...#.###....# # #.# #..##.#
#.##.# # #.# #..##.###.##.#
# #.# #............# #
#.########>...........######
#.#.....................K.##


You could see Pikel (ally target) and a dart slug.

Vanquished Creatures
  Grinder (D:4)
  A black bear (D:4)
  2 lemures (D:4)
  Robin (D:2)
  5 adders
  4 dart slugs
  5 orcs
  3 bats
  6 endoplasms
  8 giant cockroaches
  10 goblins
  7 hobgoblins
  A quokka (D:1)
  6 ball pythons
  2 frilled lizards
  7 kobolds
  6 rats
75 creatures vanquished.

Vanquished Creatures (others)
  152 foxfires
  A fungus (D:2)
  4 plants (D:4)
157 creatures vanquished.

Grand Total: 232 creatures vanquished

Notes
Turn   | Place    | Note
-------+----------+-------------------------------------------
     0 | D:1      | shadizar the Gargoyle Fire Elementalist began the quest for
                  | the Orb.
     0 | D:1      | Reached XP level 1. HP: 10/10 MP: 3/3
   200 | D:1      | Reached XP level 2. HP: 4/15 MP: 1/5
  1028 | D:2      | Reached XP level 3. HP: 19/19 MP: 4/6
  1088 | D:2      | Noticed Robin
  1195 | D:2      | Killed Robin
  1281 | D:2      | Found a runed translucent door.
  1282 | D:2      | Noticed Crazy Yiuf
  1435 | D:2      | Found a faded altar of an unknown god.
  1581 | D:2      | Reached XP level 4. HP: 24/24 MP: 7/7
  2366 | D:3      | Found the +8 longbow "Zephyr" {speed, Dex+3 SInv}
  2672 | D:3      | Reached XP level 5. HP: 28/28 MP: 6/8
  3110 | D:4      | Noticed a lemure
  3113 | D:4      | Noticed a lemure
  3114 | D:4      | Learned a level 2 spell: Scorch
  3122 | D:4      | Killed a lemure
  3132 | D:4      | Killed a lemure
  3415 | D:4      | Noticed Pikel
  3418 | D:4      | Noticed a lemure
  3423 | D:4      | Noticed a lemure
  3561 | D:4      | Noticed Grinder
  3571 | D:4      | Paralysed by Grinder for 4 turns
  3581 | D:4      | Killed Grinder
  3582 | D:4      | Reached skill level 1 in Fighting
  3582 | D:4      | Reached skill level 1 in Ranged Weapons
  3582 | D:4      | Reached XP level 6. HP: 10/35 MP: 0/10
  3758 | D:4      | Noticed a black bear
  3839 | D:4      | Killed a black bear
  3840 | D:4      | Reached skill level 4 in Fire Magic
  3845 | D:4      | HP: 1/35 [Pikel/+1 whip of flaming (4)]
  3845 | D:4      | Slain by Pikel

Illustrated notes

Levels and vault maps discovered:
D:1:      giann_forest_graveyard, layout_basic
D:2:      layout_loops_ring, shapermc_ecumenical_altar_hornbeckon,
          uniq_crazy_yiuf_cottage, uniq_robin
D:3:      layout_basic, roderic_malta_cross, corner_web_ring,
          kennysheep_generic_room_16
D:4:      corexii_shack_village, layout_loops_ring, minmay_cupped, uniq_pikel,
          uniq_grinder

Skill      XL: |  1  2  3  4  5  6 |
---------------+-------------------+-----
Dodging        | 2 |  2.6
Conjurations   | 2 3 |  3.0
Stealth        | 3 |  3.8
Fighting       | 1 2 |  2.1
Ranged Weapons | 1 |  1.3
Spellcasting   | 3 |  3.1
Fire Magic     | 4 |  4.0
Short Blades   | |  0.9

Action                     |  1- 3 |  4- 6 || total
---------------------------+-------+-------++-------
  Melee: Dagger            |   110 |    34 ||   144
         Unarmed           |     1 |       ||     1
         Punch             |     3 |       ||     3
         Hand axe          |       |    32 ||    32
   Fire: Longbow           |       |     4 ||     4
   Cast: Foxfire           |    36 |    64 ||   100
         Scorch            |       |     1 ||     1
   Stab: Sleeping          |     2 |     3 ||     5
 Armour: Robe              |    45 |    59 ||   104
  Dodge: Dodged            |   104 |    86 ||   190

Table legend: (Time is in decaauts)
 A = Elapsed time spent in this place.
 B = Non-inter-level travel time spent in this place.
 C = Inter-level travel time spent in this place.
 D = Time resting spent in this place.
 E = Time spent auto-exploring this place.
 F = Levels seen in this place.
 G = Mean time per level.
                   A        B        C        D        E       F      G
               +--------+--------+--------+--------+--------+-----+--------+
         Total |   3860 |   3687 |    173 |      0 |   2714 |   4 |  965.0 |
       Dungeon |   3860 |   3687 |    173 |      0 |   2714 |   4 |  965.0 |
               +--------+--------+--------+--------+--------+-----+--------+

Top non-repeatable levels by time:
     D:2: 1279 daAuts
     D:3: 1178 daAuts
     D:1: 846 daAuts
     D:4: 556 daAuts
